Map: Alcyone LE

Players

demzi - Winner!

  • Race: Zerg Zerg
  • League: Silver
  • Spawn Location: 1:00

Kayareworc

  • Race: Zerg Zerg
  • League: Silver
  • Spawn Location: 7:00

VOD

Have the link to the VOD?

Description

Time

  • Played on: March 20, 2024, 5:39 p.m.
  • Length: 8:28
Show
View Real Time Build Order
Export as new Build Order

demzi Zerg - Winner!

Build Orders: Hatch First 

Get SALT Encoding   

  12  0:00  Drone  
  13  0:13  Overlord  
  13  0:16  Drone  
  14  0:31  Drone x2  
  16  0:49  Hatchery  
  15  0:53  Drone  
  15  0:56  Drone  
  17  0:59  Drone  
  18  1:05  Extractor  
  17  1:17  Spawning Pool  
  16  1:19  Drone  
  16  1:23  Drone  
  18  1:28  Drone  
  19  1:39  Drone  
  20  1:50  Overlord  
  20  2:04  Queen x2  
  20  2:05  Zergling x2  
  20  2:06  Zergling x2  
  26  2:12  Drone  
  26  2:13  Drone  
  28  2:17  Metabolic Boost  
  29  2:22  Drone  
  29  2:26  Drone  
  30  2:32  Drone  
  30  2:34  Drone  
  32  2:44  Overlord  
  32  2:45  Overlord  
  32  2:54  Spine Crawler  
  30  3:01  Roach Warren  
  30  3:05  Queen, Evolution Chamber  
  29  3:19  Drone  
  30  3:20  Drone x4  
  30  3:21  Drone  
  30  3:24  Drone  
  36  3:28  Drone  
  36  3:29  Drone  
  36  3:31  Drone  
  39  3:34  Drone  
  40  3:41  Lair  
  40  3:58  Hatchery  
  40  3:59  Drone x2  
  40  4:01  Extractor  
  40  4:03  Drone x2  
  40  4:04  Extractor  
  41  4:14  Drone  
  41  4:15  Drone x2  
  41  4:16  Drone x3  
  47  4:19  Overlord  
  47  4:20  Overlord  
  47  4:35  Zerg Missile Weapons Level 1  
  47  4:36  Drone, Evolution Chamber  
  47  4:46  Overlord  
  47  4:47  Overlord x4  
  47  4:49  Glial Reconstitution  
  47  4:52  Roach  
  49  4:54  Roach  
  49  4:57  Roach  
  49  4:59  Roach  
  55  5:02  Roach  
  57  5:07  Zerg Ground Armor Level 1  
  57  5:16  Drone  
  57  5:17  Drone x5  
  57  5:21  Roach  
  65  5:22  Roach  
  65  5:24  Roach  
  70  5:35  Drone x2  
  70  5:36  Drone x3  
  74  5:48  Roach x7  
  88  5:52  Drone x2  
  88  5:55  Extractor  
  89  5:57  Extractor  
  89  6:03  Overlord x3  
  88  6:17  Drone  
  88  6:18  Drone x3  
  91  6:19  Drone x2  
  91  6:20  Drone x4  
  91  6:21  Drone  
  99  6:27  Overlord  
  99  6:39  Overlord x2  
  99  6:53  Hatchery  
  96  6:55  Roach  
  96  6:56  Roach x10  
  112  7:17  Roach  
  112  7:18  Roach x10  
  134  7:33  Roach x5  
  144  7:44  Overlord x8  
  144  7:58  Overlord  
  144  8:00  Drone x4  
  148  8:14  Drone x2  
  148  8:15  Drone x10  
Show
View Real Time Build Order
Export as new Build Order

Kayareworc Zerg 

Build Orders: Pool First 

Get SALT Encoding   

  12  0:01  Drone  
  13  0:09  Drone  
  14  0:17  Overlord  
  14  0:37  Spawning Pool  
  14  0:39  Drone  
  14  0:42  Drone  
  15  0:44  Drone  
  16  0:51  Drone  
  17  1:10  Drone  
  18  1:17  Drone  
  19  1:44  Queen  
  19  1:45  Zergling x2  
  22  1:47  Overlord x2, Hatchery  
  21  1:57  Extractor, Drone  
  21  2:02  Extractor  
  20  2:16  Zergling x2  
  20  2:20  Drone, Hatchery  
  21  2:30  Drone  
  22  2:42  Drone  
  22  2:43  Queen  
  25  2:50  Zergling x2  
  26  2:52  Metabolic Boost  
  26  2:55  Zergling x4  
  28  3:08  Queen  
  28  3:12  Drone  
  31  3:33  Drone  
  32  3:44  Drone x3  
  35  3:55  Zergling x6  
  38  4:04  Lair, Evolution Chamber  
  38  4:08  Drone x2  
  39  4:16  Zergling x6  
  42  4:20  Zergling x4  
  44  4:25  Drone x3  
  47  4:40  Drone x3  
  50  4:48  Overlord x2  
  50  4:49  Overlord  
  49  4:59  Drone  
  50  5:10  Baneling Nest  
  50  5:13  Nydus Network  
  48  5:16  Drone x4  
  48  5:17  Drone x2  
  48  5:19  Drone  
  48  5:20  Drone x4  
  59  5:25  Drone x2  
  59  5:26  Drone  
  59  5:27  Drone  
  63  5:30  Drone x2  
  65  5:36  Drone  
  66  6:00  Baneling x2  
  66  6:01  Baneling  
  66  6:04  Zergling x4  
  66  6:05  Zergling x2  
  66  6:08  Zergling x2  
  66  6:09  Zergling x4  
  72  6:13  Zergling x4  
  72  6:18  Overlord x3  
  74  6:29  Hatchery  
  73  6:39  Baneling x2  
  71  6:40  Baneling x3  
  71  6:41  Baneling  
  71  6:42  Baneling  
  71  6:44  Centrifugal Hooks  
  53  7:04  Zergling x6  
  53  7:05  Zergling x6  
  59  7:09  Zergling x12  
  57  7:34  Baneling  
  57  7:35  Baneling x2  
  51  7:41  Zergling x8  
  51  7:42  Zergling x2  
  46  7:47  Spine Crawler x2  
  43  8:00  Zergling x2  
  43  8:01  Baneling  
  43  8:02  Baneling x6  
Tags
 
Matchup
ZvZ
Race
Zerg
Replay Pack
Multiplayer
Spawn Locations
Cross Positions
Add a new tag
Caveats
  • Supply blocks, unpowered buildings, or Contaminate may cause inaccurate times.
  • Supply counts are checked every 10 seconds.